 Dungeon Crawl Stone Soup version 0.30.1-11-g7821555f0a (webtiles) character file.

Game seed: 4166773543145312405

11 BallerZ the Magician (level 2, 21/21 HPs)
             Began as a Djinni Fire Elementalist on Sept 27, 2023.
             Quit the game on level 1 of the Dungeon on Nov 28, 2023.
             The game lasted 00:14:22 (624 turns).

BallerZ the Magician (Djinni Fire Elementalist)      Turns: 624, Time: 00:14:22

Health: 21/21      AC:  2    Str:  7    XL:     2   Next: 40%
Gold:   48         EV: 12    Int: 16    God:
                   SH:  0    Dex: 13

rFire   + + .        d - +0 short sword
rCold   x . .        (no shield)
rNeg    + . .        a - +0 robe
rPois   ∞            (no helmet)
rElec   .            (no cloak)
rCorr   .            (no gloves)
SInv    .            (boots unavailable)
Will    .....        (no amulet)
Stlth   ++           e - ring of positive energy
HPRegen 0.23/turn    (no ring)
MPRegen 0.00/turn

%: no passive effects
@: flying
A: sickness immunity, fire resistance 2, cold vulnerability 1, float, innate
caster, HP casting, extra vitality 1
a: no special abilities


You were on level 1 of the Dungeon.
You visited 1 branch of the dungeon, and saw 2 of its levels.

You collected 48 gold pieces.

Inventory:

Hand Weapons
 c - a +0 dagger
 d - a +0 short sword (weapon)
Armour
 a - a +0 robe (worn)
Jewellery
 e - a ring of positive energy (left hand)
Scrolls
 f - a scroll of silence {unknown}
Potions
 b - a potion of lignification {unknown}


   Skills:
 + Level 2.5 Dodging
 + Level 1.9 Stealth
 + Level 2.6 Spellcasting


You knew the following spells:

 Your Spells              Type           Power      Damage    Failure   Level
a - Foxfire               Conj/Fire      40%        2x1d6     7%          1
b - Scorch                Fire           20%        2d5       10%         2
c - Volatile Blastmotes   Fire/Tloc      20%        2d11      21%         3
d - Inner Flame           Hex/Fire       10%        N/A       21%         3
e - Flame Wave            Conj/Fire      10%        2d6       54%         4
Your spell library was empty.

Dungeon Overview and Level Annotations

Branches:
Dungeon (2/15)

Altars:

Shops:
D:1 (


Innate Abilities, Weirdness & Mutations

You are immune to sickness and miasma.
You are immune to poison.
Your flesh is very heat resistant. (rF++)
You are vulnerable to cold. (rC-)
You float through the air rather than walking.
You learn spells naturally, not from books.
Your magical power is your life essence.
You have superior vitality. (+4 MHP)


Message History

e - a ring of positive energy
There are no items here.
Your foxfire dissipates!
e - a ring of positive energy (left hand)
f - a scroll labelled JAROEF AFRE A frilled lizard comes into view.
Casting: Foxfire (safe; 7% risk of failure)
Press: ? - help, Q - select action, (/) - cycle Dir - look around, f - activate You conjure some foxfire!
The foxfire hits the frilled lizard.
You kill the frilled lizard!
Your foxfire dissipates!
You see here a frilled lizard corpse.
Found a hand axe.
You see here a +0 hand axe.
g - a +0 hand axe You drop a +0 hand axe.
Really fly into that teleport trap?
You enter a teleport trap!
The teleport trap disappears.
Your surroundings suddenly seem different.
Welcome back, BallerZ the Djinni Fire Elementalist.
Press ? for a list of commands and other information.
Okay, then.
You need no library to learn spells.
You need no library to learn spells.
You need no library to learn spells.
You need no library to learn spells.
Casting: Foxfire (safe; 7% risk of failure)
Press: ? - help, Q - select action, (/) - cycle Dir - look around, f - activate You conjure some foxfire!
Unknown command.
Unknown command.
Your foxfire dissipates! x2
Welcome back, BallerZ the Djinni Fire Elementalist.
Press ? for a list of commands and other information.
Welcome back, BallerZ the Djinni Fire Elementalist.
Press ? for a list of commands and other information.
Welcome back, BallerZ the Djinni Fire Elementalist.
Press ? for a list of commands and other information.
Are you sure you want to abandon this character and quit the game? (Confirm with "yes".)

........#.....##..##..##..#
.######.#.................#
.# #.##..#..#...######## .#
#.....#....### #####
#####.#..###
....#######.#..#
..........#.#..#
....#####.#.#..### ....#
#.#.....@# ###### ....#
#.######.# #....#
....#####.######.# #.#.##
.................######.#.#
.....####.######..........#
.>...# ............####.###
####.##..######....####.#
####.##.................#
..##.##.. ####.....######


There were no monsters in sight!

Vanquished Creatures
  A ball python (D:1)
  2 jackals (D:1)
  A quokka (D:1)
  3 bats (D:1)
  A frilled lizard (D:1)
  2 kobolds (D:1)
  2 rats (D:1)
12 creatures vanquished.

Vanquished Creatures (others)
  23 foxfires (D:1)
23 creatures vanquished.

Grand Total: 35 creatures vanquished

Notes
Turn   | Place    | Note
-------+----------+-------------------------------------------
     0 | D:1      | BallerZ the Djinni Fire Elementalist began the quest for
                  | the Orb.
     0 | D:1      | BallerZ set off with the following spells memorised:
                  | Foxfire, Scorch, Volatile Blastmotes, Inner Flame, Flame
                  | Wave.
     0 | D:1      | Reached XP level 1. HP: 15/15 MP: 0/0
    18 | D:1      | Found Jecliko's Antique Weapon Boutique.
   198 | D:1      | Reached XP level 2. HP: 14/21 MP: 0/0
   612 | D:1      | Upgraded the game from 0.30.1-9-gdf580d7c3d to
                  | 0.30.1-11-g7821555f0a
   624 | D:1      | Quit the game

Illustrated notes

Levels and vault maps discovered:
D:1:      amcnicky_arrival_choice, layout_basic, serial_shops,
          nicolae_shop_tiny_glass, basic_ecumenical_altar,
          palyth_stone_intersect
D:2:      layout_basic, minmay_tetromino_s2

Action                     || total
---------------------------++-------
  Melee: Unarmed           ||    23
         Dagger            ||     1
   Cast: Foxfire           ||    17
    Use: Scroll            ||     1
 Armour: Robe              ||    22
  Dodge: Dodged            ||    40
